 Dungeon Crawl Stone Soup version 0.28.0-53-g5a82cb258f (webtiles) character file.

Game seed: 7551728265438139649

177669 firemarshallily the Warrior (level 17, -4/119 (177) HPs)
             Began as a Demonspawn Gladiator on June 6, 2022.
             Was a Priest of Ashenzari.
             Hit by a javelin thrown by a merfolk javelineer (27 damage)
             ... on level 1 of the Shoals.
             The game lasted 01:56:10 (25476 turns).

firemarshallily the Warrior (Demonspawn Gladiator) Turns: 25476, Time: 01:56:11

HP:   -4/119 (177)  AC: 21    Str: 23 (24) XL:     17   Next: 55%
MP:   22/22         EV: 17    Int: 11      God:    Ashenzari [***...]
Gold: 1892          SH: 11    Dex: 14      Spells: 21/23 levels left

rFire   . . .      SeeInvis +   k - +9 falchion of the Ensconced Vexation {protect, Str+2, Self, Melee} (curse)
rCold   . . .      Faith    .   y - +0 buckler of the Revealing Doubts {Evo, Fort} (curse)
rNeg    . . .      Spirit   .   W - +0 steam dragon scales
rPois   .          Reflect  +   c - +0 helmet
rElec   .          Harm     .   r - +2 cloak of Ashenzari's Inaction {Self, Fort} (curse)
rCorr   .          Rampage  .   C - +2 pair of gloves "Bound Elitism" {Comp, Melee} (curse)
Will    ++...      Clarity  +   (boots unavailable)
Stlth   ++........              v - amulet of the Enigmatic Failure {Reflect SH+5, Fort, Melee} (curse)
HPRegen 0.29/turn               p - +4 ring of slaying
MPRegen 0.18/turn               i - +4 ring of evasion

@: mighty, hasted, very heavily drained, very quick
A: hooves 3, thin metallic scales 2, ignite blood 2, powered by death 2, demonic
willpower, clarity, deterioration 1, robust 1
a: Renounce Religion, Curse Item, Shatter the Chains


You were on level 1 of the Shoals.
You worshipped Ashenzari.
Ashenzari was most pleased with you.
You visited 5 branches of the dungeon, and saw 25 of its levels.
You also visited: Ossuary, Bailey and Volcano.

You collected 3641 gold pieces.
You spent 1749 gold pieces at shops.

Inventory:

Hand Weapons
 k - the cursed +9 falchion of the Ensconced Vexation (weapon) {protect, Str+2, Self, Melee}
   (You found it on level 6 of the Lair of Beasts)

   It grants its wielder temporary protection when it strikes (+7 to AC).
   Str:       It affects your strength (+2).
   It has a curse which improves the following skills: Introspection: Fighting
   and Spellcasting.
   Melee Combat: Short Blades, Long Blades, Axes, Maces & Flails, Polearms,
   Staves and Unarmed Combat.
Missiles
 d - 6 throwing nets
 f - 6 curare-tipped darts
 t - 25 boomerangs (quivered)
 u - 3 boomerangs of dispersal
 H - 20 poisoned darts
Armour
 c - a +0 helmet (worn)
 r - the cursed +2 cloak of Ashenzari's Inaction (worn) {Self, Fort}
   (You took it off Crazy Yiuf on level 3 of the Dungeon)

   It has a curse which improves the following skills: Introspection: Fighting
   and Spellcasting.
   Fortitude: Armour and Shields.
 x - a +1 scale mail of positive energy
 y - the cursed +0 buckler of the Revealing Doubts (worn) {Evo, Fort}
   (You took it off a gnoll sergeant on level 9 of the Dungeon)

   It has a curse which improves the following skills: Evocations: Evocations.
   Fortitude: Armour and Shields.
 C - the cursed +2 pair of gloves "Bound Elitism" (worn) {Comp, Melee}
   (You found it on level 7 of the Dungeon)

   It has a curse which improves the following skills: Companions: Summonings
   and Necromancy.
   Melee Combat: Short Blades, Long Blades, Axes, Maces & Flails, Polearms,
   Staves and Unarmed Combat.
 R - a +2 scale mail of fire resistance
 T - a +2 ring mail of poison resistance
 W - +0 steam dragon scales (worn)
 X - a +1 pair of gloves of hurling
Jewellery
 g - a ring of willpower
 i - a +4 ring of evasion (right hand)
 p - a +4 ring of slaying (left hand)
 v - the cursed amulet of the Enigmatic Failure (around neck) {Reflect SH+5, Fort, Melee}
   (You found it on level 4 of the Dungeon)

   [amulet of reflection]

   It reflects blocked missile attacks.
   SH:        It affects your SH (+5).
   It has a curse which improves the following skills: Fortitude: Armour and
   Shields.
   Melee Combat: Short Blades, Long Blades, Axes, Maces & Flails, Polearms,
   Staves and Unarmed Combat.
 z - a ring of positive energy
 L - a ring of flight
 Y - a ring of protection from cold
Wands
 b - a wand of mindburst (4)
 s - a wand of charming (7)
 B - a wand of iceblast (15)
 D - a wand of flame (22)
 E - a wand of paralysis (12)
 I - a wand of polymorph (21)
Scrolls
 a - 2 scrolls of fear
 m - 5 scrolls of teleportation
 o - a scroll of summoning
 F - 3 scrolls of fog
 J - a scroll of blinking
 Q - 2 scrolls of magic mapping
Potions
 e - 2 potions of heal wounds
 h - 3 potions of berserk rage
 j - 2 potions of might
 l - 6 potions of lignification
 n - a potion of magic
 q - 5 potions of attraction
 w - 14 potions of curing
 A - 3 potions of resistance
 O - 5 potions of cancellation
 P - 4 potions of ambrosia
 U - 4 potions of haste
 V - 2 potions of mutation
 Z - 3 potions of invisibility


   Skills:
 * Level 20.2(22.3) Fighting
 - Level 14.0(17.1) Long Blades
 - Level 2.0 Throwing
 + Level 15.4(18.5) Armour
 - Level 4.2 Dodging
 - Level 2.0 Stealth
 - Level 5.0(8.1) Shields
 - Level 2.0(3.8) Spellcasting
 - Level 2.2(3.5) Summonings
 - Level 2.0(3.2) Evocations


You had 21 spell levels left.
You knew the following spells:

 Your Spells              Type           Power      Damage    Failure   Level
a - Call Imp              Summ           9%         N/A       11%         2

Your spell library contained the following spells:

 Spells                   Type           Power      Damage    Failure   Level
 Magic Dart               Conj           8%         1d3       30%         1
 Sting                    Tmut/Pois      8%         1d3       30%         1
 Sublimation of Blood     Necr           2%         N/A       38%         2
 Ensorcelled Hibernation  Hex/Ice        4%         N/A       41%         2
 Passwall                 Tmut/Erth      1%         N/A       41%         2
 Poisonous Vapours        Pois/Air       4%         N/A       41%         2
 Conjure Flame            Conj/Fire      2%         6-21      65%         3
 Gell's Gravitas          Tloc           2%         N/A       65%         3
 Ignite Poison            Fire/Tmut/Pois 2%         N/A       65%         3
 Lesser Beckoning         Tloc           2%         N/A       65%         3
 Mephitic Cloud           Conj/Pois/Air  2%         N/A       65%         3
 Swiftness                Air            2%         N/A       65%         3
 Teleport Other           Tloc           2%         N/A       65%         3
 Summon Lightning Spire   Summ/Air       5%         N/A       82%         4
 Airstrike                Air            1%         N/A       96%         4
 Leda's Liquefaction      Hex/Erth       1%         N/A       96%         4
 Olgreb's Toxic Radiance  Pois           2%         N/A       96%         4
 Petrify                  Tmut/Erth      2%         N/A       96%         4
 Sticky Flame             Conj/Fire      2%         2d3       96%         4
 Fireball                 Conj/Fire      1%         3d3       100%        5
 Freezing Cloud           Conj/Ice/Air   1%         6-21      100%        5
 Irradiate                Conj/Tmut      1%         3d14      100%        5
 Iskenderun's Battlesphe  Conj           2%         2d6       100%        5
 Lee's Rapid Deconstruct  Erth           1%         3d5*      100%        5
 Lightning Bolt           Conj/Air       1%         1d12      100%        5
 Conjure Ball Lightning   Conj/Air       1%         3x3d6     100%        6
 Statue Form              Tmut/Erth      1%         N/A       100%        6
 Orb of Destruction       Conj           1%         9d5       100%        7
 Discord                  Hex            1%         N/A       100%        8
 Disjunction              Tloc           1%         N/A       100%        8


Dungeon Overview and Level Annotations

Branches:
Dungeon (15/15)            Temple (1/1) D:7            Lair (6/6) D:9
 Shoals (1/4) Lair:2       Spider (0/4) Lair:4        Slime (0/5) Lair:5
    Orc (2/2) D:12            Elf (0/3) Orc:2        Vaults (0/5) D:13
 Depths (0/4) D:15        Ossuary (visited)          Bailey (visited)
Volcano (visited)

Altars:
Ashenzari
Cheibriados
Dithmenos
Elyvilon
Fedhas
Gozag
Hepliaklqana
Kikubaaqudgha
Makhleb
Nemelex Xobeh
Okawaru
Qazlal
Ru
Sif Muna
Trog
Uskayaw
Vehumet
Wu Jian
Xom
Yredelemnul
Zin
The Shining One
Beogh
Ignis
Jiyva

Shops:
D:4 =   D:7 (**:   Orc:2 !=[*

Annotations:
D:12 3 runed translucent doors, Rudyous's ghost, journeyman MiFi
Shoals:1 Donald


Innate Abilities, Weirdness & Mutations

You have hooves in place of feet.
You are mostly covered in thin metallic scales. (AC +3)
Your demonic aura often causes spilled blood to erupt in flames.
You regenerate health from kills.
You punish those that try to bend your will. (Will+)
You possess an exceptional clarity of mind.
Your body sometimes deteriorates upon taking damage.
You are robust. (+10% HP)


Message History

You feel drained.
Donald is engulfed in blazing flames.
Donald drinks a potion.
Donald is healed!
You feel much better.
Donald is engulfed in blazing flames.
Donald hits you with a +2 scimitar of draining!
You feel drained.
The merfolk javelineer hits you from afar with a +0 spear.
You feel yourself speed up.
Donald is engulfed in blazing flames.
Donald hits you with a +2 scimitar of draining!!
* * * LOW HITPOINT WARNING * * *
You feel drained.
* * * LOW HITPOINT WARNING * * *
You block the merfolk javelineer's attack.
Donald is engulfed in blazing flames.
Donald says, "You seem like a real know-it-all.
I hate that."
Donald hits you but does no damage.
You feel drained.
You feel much better.
Donald is engulfed in blazing flames.
Donald hits you with a +2 scimitar of draining!!
* * * LOW HITPOINT WARNING * * *
Your body deteriorates!
You feel weakened.
You feel drained.
* * * LOW HITPOINT WARNING * * *
You feel much better.
You block the merfolk javelineer's attack.
You block Donald's attack.
You feel better.
Donald hits you with a +2 scimitar of draining!!
* * * LOW HITPOINT WARNING * * *
You feel drained.
* * * LOW HITPOINT WARNING * * *
The merfolk javelineer throws a javelin.
The javelin barely misses you.
You feel very mighty all of a sudden.
Donald hits you with a +2 scimitar of draining!!
* * * LOW HITPOINT WARNING * * *
You feel drained.
* * * LOW HITPOINT WARNING * * *
You feel much better. Donald barely misses you.
The merfolk javelineer throws a javelin.
The javelin pierces through you!!
You die...

PPPP.##...###....≈≈≈≈≈≈≈≈≈≈≈≈≈P.P
P..)##....##.......≈≈≈≈≈≈≈≈≈≈≈≈P#
P<..................≈≈≈≈≈≈≈≈≈≈≈≈.
P...PP.....####...#...≈≈≈≈≈≈≈≈...
.PP##......####.......≈≈≈≈≈P≈...≈
PP####..≈≈.....≈≈≈≈.≈≈.(≈≈≈≈≈...≈
.P###...≈≈≈.....≈...≈≈...≈≈≈≈≈.≈≈
≈......≈≈≈≈≈≈..≈.........)≈≈≈....
.≈.#...≈≈≈≈≈≈≈≈○@###....≈≈≈≈≈....
......≈≈≈≈≈≈≈≈≈○○@#.....≈≈≈≈≈.≈.≈
≈≈.≈..≈≈≈≈≈≈≈≈≈..mm#......≈≈.≈...
≈≈..≈≈≈≈≈≈≈≈≈≈≈..........≈≈≈≈..=.
≈≈.≈≈≈≈≈≈≈≈≈≈≈...≈..........≈≈...
≈≈≈≈≈≈≈≈≈≈≈≈≈≈...≈≈....###.(≈≈...
≈≈≈≈≈≈≈≈≈≈≈≈≈≈...)≈...#.#,..... ≈
≈≈≈≈≈≈≈..≈.......,...,
≈≈≈≈≈≈≈≈...###.., ,


You could see Donald (fast, strong), a merfolk javelineer and a merfolk.

Vanquished Creatures
  Frances (Shoals:1)
  Kirke (Shoals:1)
  A very ugly thing (D:15)
  A fire dragon (Lair:6)
  Snorg (Orc:1)
  A rakshasa (D:15)
  4 boulder beetles
  An ogre mage (D:13)
  A great orb of eyes (D:15)
  8 hydras
  A catoblepas (Lair:5)
  4 centaur warriors
  A death knight (D:12)
  5 two-headed ogres
  6 death yaks
  A hell hog (Volcano)
  3 tengu warriors
  A fire crab (Volcano)
  2 fire crabs (shapeshifter)
  A glowing orange brain (D:12)
  A sea snake (Shoals:1)
  A wizard (D:15)
  Pikel (D:5)
  A lindwurm (Lair:6)
  A deep elf pyromancer (D:14)
  4 orc knights
  10 orc sorcerers (Orc:2)
  A phantasmal warrior (D:12)
  17 ugly things
  6 manticores
  2 cyclopes
  2 merfolk sirens (Lair:2)
  11 elephants
  8 black mambas
  A gargoyle (D:12)
  2 torpor snails
  15 cane toads
  5 molten gargoyles
  The ghost of Agrostarius the Covered, a novice DsFi of Dithmenos (D:5)
  2 unseen horrors
  A kobold demonologist (D:12)
  3 freezing wraiths
  An efreet (D:15)
  12 komodo dragons
  3 merfolk
  3 meliai (D:14)
  13 trolls
  2 wind drakes (Shoals:1)
  A polar bear (Lair:4)
  A hornet (shapeshifter) (D:14)
  11 dream sheep
  A hornet (D:6)
  5 slime creatures
  4 snapping turtles (Shoals:1)
  24 blink frogs
  2 shadows (D:9)
  Sigmund (D:4)
  A vampire (D:14)
  2 wraiths
  6 wyverns
  10 fire elementals
  A fire bat (shapeshifter) (D:14)
  2 water elementals
  Eustachio (D:4)
  55 yaks
  6 humans (Shoals:1)
  6 basilisks
  3 fire bats (Volcano)
  3 vampire mosquitoes
  Menkaure (Ossuary)
  3 swamp worms (Lair:1)
  5 steam dragons
  8 wargs
  Duvessa (D:4)
  4 hell hounds
  13 water moccasins
  4 sky beasts
  3 necrophages
  23 orc warriors
  A black bear (D:5)
  8 ogres
  27 wolves
  14 centaurs
  2 phantoms
  A kobold brigand (D:7)
  A scorpion (D:4)
  13 bullfrogs
  A gnoll sergeant (D:9)
  A wyvern zombie (D:6)
  3 water moccasin zombies (D:5)
  A troll zombie (Ossuary)
  Dowan (D:4)
  10 killer bees
  14 wights
  6 electric eels (D:9)
  2 howler monkeys
  8 centaur zombies
  4 crimson imps (D:4)
  10 lava snakes
  2 bullfrog zombies
  2 bullfrog skeletons
  2 human zombies (Ossuary)
  A jelly (D:7)
  8 orc priests
  4 centaur skeletons
  Crazy Yiuf (D:3)
  12 hounds
  2 iguanas (D:5)
  Jessica (D:3)
  Ijyb (D:3)
  Terence (D:3)
  40 orc wizards
  7 hell rats (Lair:5)
  2 scorpion zombies (D:5)
  A killer bee zombie (D:8)
  2 ogre zombies (Ossuary)
  2 hound zombies (D:5)
  2 hound skeletons
  6 mummies (Ossuary)
  3 howler monkey zombies
  7 adders
  8 gnolls
  3 white imps (D:5)
  4 adder zombies
  3 worms
  2 dart slugs
  111 orcs
  4 ball pythons
  5 endoplasms
  2 giant cockroaches
  11 goblins
  11 hobgoblins
  4 jackals (D:2)
  2 quokkas
  A bat (D:1)
  15 frilled lizards
  4 goblin zombies (Ossuary)
  6 hobgoblin zombies (Ossuary)
  23 kobolds
  5 kobold zombies (Ossuary)
  3 quokka zombies (Ossuary)
  4 rats
  2 rat zombies (Ossuary)
856 creatures vanquished.

Vanquished Creatures (collateral kills)
  2 hydras
  3 ugly things (D:15)
  A wyvern zombie (D:9)
  A gnoll sergeant (D:9)
  An electric eel (D:9)
  4 gnolls (D:9)
12 creatures vanquished.

Vanquished Creatures (others)
  A fire bat (Volcano)
  A human (Shoals:1)
  A sky beast (D:5)
  2 orc wizards (Orc:2)
  An orc (Orc:2)
  37 foxfires (D:4)
  28 fungi
  39 plants
110 creatures vanquished.

Grand Total: 978 creatures vanquished

Notes
Turn   | Place    | Note
-------+----------+-------------------------------------------
     0 | D:1      | firemarshallily the Demonspawn Gladiator began the quest
                  | for the Orb.
     0 | D:1      | Reached XP level 1. HP: 16/16 MP: 1/1
    68 | D:1      | You fall into a shaft and drop 1 floor!
   371 | D:1      | Gained mutation: You have large cloven feet. [demonic
                  | ancestry]
   371 | D:1      | Reached XP level 2. HP: 22/22 MP: 2/2
   988 | D:2      | Gained mutation: You are partially covered in thin metallic
                  | scales. (AC +2) [demonic ancestry]
   988 | D:2      | Reached XP level 3. HP: 24/28 MP: 3/3
  1430 | D:2      | Found a faded altar of an unknown god.
  1747 | D:2      | Prayed at the altar of an unknown god.
  1747 | D:2      | Became a worshipper of Ignis, the Dying Flame
  1801 | D:3      | HP: 1/28 [orc/+3 trident (5)]
  2122 | D:3      | Noticed Jessica
  2128 | D:3      | Killed Jessica
  2129 | D:3      | Reached skill level 3 in Fighting
  2129 | D:3      | Gained mutation: You have hoof-like feet. [demonic
                  | ancestry]
  2129 | D:3      | Reached XP level 4. HP: 31/35 MP: 4/4
  2333 | D:3      | Found a radiant altar of Vehumet.
  2333 | D:3      | Found a bloodstained altar of Trog.
  2362 | D:3      | Reached skill level 1 in Armour
  2595 | D:3      | Noticed Terence
  2603 | D:3      | Killed Terence
  2604 | D:3      | Gained mutation: You are mostly covered in thin metallic
                  | scales. (AC +3) [demonic ancestry]
  2604 | D:3      | Reached XP level 5. HP: 25/41 MP: 5/5
  2933 | D:3      | Found a runed translucent door.
  2934 | D:3      | Noticed Crazy Yiuf
  2941 | D:3      | Killed Crazy Yiuf
  3052 | D:3      | Noticed Ijyb
  3081 | D:3      | Killed Ijyb
  3082 | D:3      | Reached skill level 4 in Fighting
  3155 | D:3      | Gained mutation: You regenerate a little health from kills.
                  | [demonic ancestry]
  3155 | D:3      | Reached XP level 6. HP: 41/48 MP: 6/6
  3480 | D:4      | Found Zyunkec's Jewellery Shop.
  3525 | D:4      | Noticed Sigmund
  3532 | D:4      | Killed Sigmund
  3533 | D:4      | Reached skill level 5 in Fighting
  3533 | D:4      | Reached skill level 5 in Long Blades
  3533 | D:4      | Reached XP level 7. HP: 56/56 MP: 7/7
  3754 | D:4      | Noticed Eustachio
  3771 | D:4      | Killed Eustachio
  3952 | D:4      | Found a shimmering altar of Xom.
  4046 | D:4      | Reached skill level 6 in Fighting
  4272 | D:4      | Noticed Duvessa
  4272 | D:4      | Noticed Dowan
  4281 | D:4      | Killed Dowan
  4282 | D:4      | Gained mutation: You punish those that try to bend your
                  | will. (Will+) [demonic ancestry]
  4282 | D:4      | Reached XP level 8. HP: 59/64 MP: 8/8
  4296 | D:4      | Killed Duvessa
  5050 | D:5      | Entered Level 5 of the Dungeon
  5321 | D:5      | Found a sand-covered staircase.
  5327 | Ossuary  | Entered an ossuary
  5658 | Ossuary  | Reached skill level 7 in Fighting
  5776 | Ossuary  | Noticed Menkaure
  5800 | Ossuary  | Killed Menkaure
  6059 | D:5      | Reached XP level 9. HP: 28/73 MP: 9/9
  6303 | D:5      | Found a runed translucent door.
  6312 | D:5      | Noticed Agrostarius's ghost (novice DsFi)
  6545 | D:5      | Reached skill level 8 in Fighting
  6757 | D:5      | Noticed Pikel
  6794 | D:5      | Killed Pikel
  6795 | D:5      | Reached skill level 5 in Armour
  7222 | D:5      | Reached skill level 9 in Fighting
  7546 | D:6      | Noticed a troll
  7569 | D:6      | Killed a troll
  7570 | D:6      | Reached XP level 10. HP: 70/83 MP: 10/10
  7915 | D:6      | Found an ornate altar of the Wu Jian Council.
  8415 | D:7      | Found Qoibrek's Assorted Antiques.
  8424 | D:7      | Bought a scroll labelled PANIOT KAFF for 29 gold pieces
  8424 | D:7      | Bought a scroll labelled GUESAW OSSILE for 29 gold pieces
  8424 | D:7      | Bought a potion of heal wounds for 145 gold pieces
  8476 | D:7      | Found Dipsanu's Book Shoppe.
  8483 | D:7      | Found Pishruwn's Assorted Antiques.
  8489 | D:7      | Bought a scroll of identify for 42 gold pieces
  8569 | D:7      | Found a staircase to the Ecumenical Temple.
  8618 | D:7      | Found Zatiskih's Antique Weapon Emporium.
  8849 | D:7      | Reached skill level 10 in Fighting
  8900 | D:7      | Found Ceosch's Distillery.
  9093 | D:7      | Found a sacrificial altar of Ru.
  9204 | D:8      | Found an iron altar of Okawaru.
  9329 | D:8      | Found a flagged portal.
  9340 | Bailey   | Entered a bailey
  9392 | Bailey   | Noticed an orc knight
  9412 | Bailey   | Killed an orc knight
  9960 | D:8      | Reached skill level 10 in Long Blades
 10246 | D:9      | Reached skill level 11 in Fighting
 10246 | D:9      | Gained mutation: Your demonic aura sometimes causes spilled
                  | blood to erupt in flames. [demonic ancestry]
 10246 | D:9      | Reached XP level 11. HP: 68/93 MP: 11/11
 10400 | D:9      | Gained mutation: Your muscles are strong. (Str +2) [potion
                  | of mutation]
 10400 | D:9      | Gained mutation: You are clumsy. (Dex -2) [potion of
                  | mutation]
 10400 | D:9      | Gained mutation: You are somewhat resistant to further
                  | mutation. [potion of mutation]
 10401 | D:9      | Lost mutation: Your muscles are strong. (Str +2) [potion of
                  | mutation]
 10401 | D:9      | Lost mutation: You are somewhat resistant to further
                  | mutation. [potion of mutation]
 10401 | D:9      | Gained mutation: Your body sometimes deteriorates upon
                  | taking damage. [potion of mutation]
 10401 | D:9      | Gained mutation: Your movements are slightly less
                  | encumbered by armour. (ER -2) [potion of mutation]
 10402 | D:9      | Lost mutation: Your movements are slightly less encumbered
                  | by armour. (ER -2) [potion of mutation]
 10402 | D:9      | Lost mutation: You are clumsy. (Dex -2) [potion of
                  | mutation]
 10402 | D:9      | Gained mutation: You have hidden genetic potential. [potion
                  | of mutation]
 10679 | D:9      | Found a staircase to the Lair.
 11522 | D:10     | Entered Level 10 of the Dungeon
 11557 | D:10     | Reached skill level 1 in Shields
 11557 | D:10     | Noticed a two-headed ogre
 11565 | D:10     | Killed a two-headed ogre
 11803 | D:10     | Found a stormy altar of Qazlal.
 11815 | D:10     | Noticed a centaur warrior
 11820 | D:10     | Killed a centaur warrior
 11821 | D:10     | Reached skill level 12 in Fighting
 12169 | D:10     | Noticed a two-headed ogre
 12176 | D:10     | Killed a two-headed ogre
 12435 | Temple   | Entered the Ecumenical Temple
 12495 | Temple   | Fell from the grace of Ignis
 12495 | Temple   | Became a worshipper of Ashenzari the Shackled
 12565 | D:5      | Killed Agrostarius's ghost
 12695 | D:11     | Noticed a purple ugly thing
 12707 | D:11     | Killed a purple ugly thing
 12734 | D:11     | You are sucked into a shaft and drop 2 floors!
 12745 | D:13     | Gained mutation: You regenerate health from kills. [demonic
                  | ancestry]
 12745 | D:13     | Reached XP level 12. HP: 96/103 MP: 12/12
 12765 | D:13     | Noticed a tengu warrior
 12783 | D:13     | Killed a tengu warrior
 13134 | D:13     | Noticed a centaur warrior
 13160 | D:13     | Noticed a centaur warrior
 13168 | D:13     | Killed a centaur warrior
 13171 | D:13     | Gained mutation: You are robust. (+10% HP) [hidden
                  | potential]
 13191 | D:13     | Noticed a two-headed ogre
 13192 | D:13     | Found a gate to the Vaults.
 13192 | D:13     | Noticed a two-headed ogre
 13192 | D:13     | Noticed an ogre mage
 13210 | D:12     | You are sucked into a shaft and drop 2 floors!
 13271 | D:12     | Noticed a death knight
 13292 | D:12     | Killed a death knight
 13306 | D:12     | You are sucked into a shaft and drop 3 floors!
 13306 | D:15     | Entered Level 15 of the Dungeon
 13306 | D:15     | Noticed a centaur warrior
 13392 | D:15     | Killed a centaur warrior
 13393 | D:15     | Reached skill level 10 in Armour
 13395 | D:15     | Reached skill level 5 in Shields
 13418 | D:15     | Reached skill level 13 in Fighting
 13669 | D:12     | Found a staircase to the Orcish Mines.
 13712 | D:11     | You are sucked into a shaft and drop 1 floor!
 13798 | D:11     | Noticed a two-headed ogre
 13818 | D:11     | Killed a two-headed ogre
 13883 | D:11     | Noticed a centaur warrior
 13888 | D:11     | Killed a centaur warrior
 14357 | D:11     | Noticed an angel
 14493 | D:12     | Reached XP level 13. HP: 94/123 MP: 13/13
 14715 | D:12     | Found a runed translucent gate.
 14716 | D:12     | Found a runed translucent gate.
 14716 | D:12     | Found a runed translucent gate.
 14902 | D:12     | Reached skill level 14 in Fighting
 14904 | D:12     | Gained mutation: You possess an exceptional clarity of
                  | mind. [hidden potential]
 14904 | D:12     | Lost mutation: You have hidden genetic potential. [hidden
                  | potential expressed]
 14935 | D:12     | Found a runed translucent gate.
 14935 | D:12     | Found a runed translucent gate.
 14937 | D:12     | Noticed a cacodemon
 14939 | D:12     | Noticed Rudyous's ghost (journeyman MiFi)
 14940 | D:12     | Found a runed translucent gate.
 15697 | D:14     | Was forgiven by Ignis
 16119 | D:14     | Identified the +5 rapier of Cubiyhul {drain, Fragile rPois
                  | MP+9}
 16298 | D:15     | Reached skill level 15 in Fighting
 16435 | D:15     | Noticed a red very ugly thing
 16444 | D:15     | Killed a brown very ugly thing
 16762 | D:15     | Reached * piety under Ashenzari
 16800 | D:15     | Found a hazy altar of Hepliaklqana.
 17065 | D:15     | Gained mutation: Your demonic aura often causes spilled
                  | blood to erupt in flames. [demonic ancestry]
 17065 | D:15     | Reached XP level 14. HP: 137/137 MP: 14/14
 17072 | D:15     | Found a staircase to the Depths.
 17264 | D:12     | Identified the +1 pair of gloves of Untold Secrets {Rampage
                  | rF+ Str-2 Int+6}
 17344 | Lair:1   | Entered Level 1 of the Lair of Beasts
 17740 | Lair:1   | Reached skill level 16 in Fighting
 17858 | Lair:1   | Reached XP level 15. HP: 147/147 MP: 15/15
 17964 | Lair:1   | Found the +8 demon blade "Leech" {vamp, Harm Drain rN+}
 18454 | Lair:2   | Found a staircase to the Shoals.
 18838 | Lair:2   | Reached skill level 17 in Fighting
 19605 | Lair:3   | Reached ** piety under Ashenzari
 19890 | Lair:4   | Found a hole to the Spider Nest.
 19929 | Lair:4   | Found a dark tunnel.
 19947 | Volcano  | Entered a volcano
 20217 | Volcano  | Found a burning altar of Makhleb.
 21255 | Lair:5   | Reached skill level 18 in Fighting
 21255 | Lair:5   | Gained mutation: You have hooves in place of feet. [demonic
                  | ancestry]
 21255 | Lair:5   | Reached XP level 16. HP: 159/159 MP: 15/20
 21369 | Lair:5   | Learned a level 2 spell: Call Imp
 21648 | Lair:5   | Reached XP level 17. HP: 143/168 MP: 21/21
 21674 | Lair:5   | Found a viscous altar of Jiyva.
 21676 | Lair:5   | Found a staircase to the Slime Pits.
 21912 | Lair:6   | Entered Level 6 of the Lair of Beasts
 21915 | Lair:6   | Identified the +9 falchion of Articulation {protect, Str+2}
 22057 | Lair:6   | Reached skill level 19 in Fighting
 22105 | Lair:6   | Found a hide-covered altar of Uskayaw.
 22107 | Lair:6   | Found an ornate altar of the Wu Jian Council.
 22164 | Lair:6   | Reached *** piety under Ashenzari
 22676 | Lair:6   | Reached skill level 15 in Armour
 22689 | Lair:6   | Found a large runed translucent door.
 22689 | Lair:6   | Found a large runed translucent door.
 23306 | D:7      | Bought 2 potions of invisibility for 208 gold pieces
 23306 | D:7      | Bought a potion of lignification for 39 gold pieces
 23306 | D:7      | Bought a potion of curing for 39 gold pieces
 23306 | D:7      | Bought a potion of cancellation for 104 gold pieces
 23306 | D:7      | Bought a potion of cancellation for 104 gold pieces
 23306 | D:7      | Bought a potion of magic for 104 gold pieces
 23306 | D:7      | Bought a potion of resistance for 130 gold pieces
 23363 | D:7      | Bought a scroll of summoning for 275 gold pieces
 23509 | Orc:1    | Entered Level 1 of the Orcish Mines
 23750 | Orc:1    | Noticed Snorg
 23761 | Orc:1    | Killed Snorg
 23964 | Orc:2    | Entered Level 2 of the Orcish Mines
 24114 | Orc:2    | Found Noiz's Jewellery Shoppe.
 24146 | Orc:2    | Found Kaxuclof's Distillery.
 24179 | Orc:2    | Bought a potion of mutation for 104 gold pieces
 24179 | Orc:2    | Bought 3 potions of curing for 117 gold pieces
 24179 | Orc:2    | Bought a potion of haste for 130 gold pieces
 24617 | Orc:2    | Found Nouple's Assorted Antiques.
 24617 | Orc:2    | Found Diteu's Antique Armour Shop.
 24627 | Orc:2    | Reached skill level 20 in Fighting
 24647 | Orc:2    | Bought a potion of heal wounds for 150 gold pieces
 24898 | Orc:2    | Found a staircase to the Elven Halls.
 25113 | Shoals:1 | Entered Level 1 of the Shoals
 25113 | Shoals:1 | Noticed Frances
 25128 | Shoals:1 | Killed Frances
 25129 | Shoals:1 | Noticed Kirke
 25139 | Shoals:1 | Killed Kirke
 25439 | Shoals:1 | Identified the +2 falchion of Destiny {pain, +Blink rElec
                  | Dex-3}
 25446 | Shoals:1 | Noticed Donald
 25475 | Shoals:1 | HP: 5/126 [Donald/+2 scimitar of draining (25)]
 25476 | Shoals:1 | Hit by a javelin thrown by a merfolk javelineer

Illustrated notes

Levels and vault maps discovered:
D:1:      heliophobic_arrival_glass_houses, layout_basic, minmay_lizard_king
D:2:      layout_basic, hellmonk_ecumenical_altar_pennies_from_heaven,
          chequers_mini_garden, patterned_corridor
D:3:      layout_basic, lemuel_crystal_altar,
          gammafunk_temple_overflow_elements, uniq_terence, uniq_ijyb,
          uniq_jessica, uniq_crazy_yiuf_cottage
D:4:      layout_layer_cave, led_xom_imps, serial_shops, nicolae_stop_n_shop_2,
          kennysheep_generic_room_11, uniq_sigmund, uniq_eustachio, uniq_duvessa
D:5:      minmay_polygon_palace, layout_basic, ebering_ghost_sewer_d,
          enter_ossuary_2, st_stairs_4, minmay_chambers_of_fives, uniq_pikel
D:6:      layout_loops_ring, mainiacjoe_overflow_chevrons, minmay_manual_mail
D:7:      layout_loops_ring, nicolae_overflow_hidden_temple, temple_pool_b,
          serial_shops, shop, kennysheep_little_box, shop, kennysheep_mini,
          nicolae_shop_crystal
D:8:      layout_rooms, nicolae_overflow_crystal_walls, enter_bailey_1,
          nicolae_benzene_ring, minmay_between
D:9:      layout_cave_pools, lemuel_round_altar, erik_lair_island, serial_bayou,
          serial_bayou_pond_d, serial_bayou_pond_c, serial_bayou_pond_b,
          serial_bayou_crossing, minmay_bent
D:10:     layout_loops_ring, grunt_qazlal_clouds, lemuel_tele_altar,
          kennysheep_generic_room_6
D:11:     layout_gridville, glass_columns_c, zin_angel
D:12:     layout_big_octagon, david_orc_4,
          ploomutoo_gammafunk_ghost_potion_laboratory
D:13:     layout_stronghold, david_vaults_2
D:14:     layout_irregular_city
D:15:     gammafunk_enter_depths_forms, layout_long_grid, basic_altar
Temple:   ebering_untended_altars
Lair:1:   layout_concentric_octagons, dreamdust_deal_with_the_devil,
          worms_lemuel
Lair:2:   layout_regular_city, elwin_shoals_entry_stream, minivault_19,
          grunt_megastairs_2
Lair:3:   layout_long_grid, serial_bayou_shore_b, grunt_megastairs_4
Lair:4:   beast_lair_carwin_large_2, layout_gridlike,
          spider_nest_entry_web_field, nicolae_volcano_entry_hallway
Lair:5:   layout_long_grid, slime_altar_1, lemuel_fruit_fields
Lair:6:   cheibrodos_lair_end_hotspot, layout_regular_city,
          nzn_masters_of_martial_movement
Shoals:1: layout_shoals, uniq_donald, uniq_kirke, uniq_frances
Orc:1:    layout_caves, uniq_snorg
Orc:2:    st_orc_town, layout_caves, minmay_orc_barracks

Skill      XL: |  1  2  3  4  5  6  7  8  9 10 11 12 13 14 15 16 17 |
---------------+----------------------------------------------------+-----
Long Blades    | 3 4 5 6 7 8 10 11 12 14 | 14.0
Throwing       | 2 |  2.0
Dodging        | 3 4 |  4.2
Fighting       | 3 4 5 6 7 9 11 12 13 15 16 18 20 | 20.2
Armour         | 1 2 3 4 5 7 9 11 12 13 14 15 | 15.4
Shields        | 3 5 |  5.0
Stealth        | 2 |  2.0
Evocations     | 2 |  2.0
Spellcasting   | 2 |  2.0
Summonings     | 2 |  2.2

Action                   |  1- 3 |  4- 6 |  7- 9 | 10-12 | 13-15 | 16-18 || total
-------------------------+-------+-------+-------+-------+-------+-------++-------
Melee: Long sword        |    95 |   120 |   474 |   813 |   606 |    97 ||  2205
       Kick              |    12 |    29 |   146 |    61 |       |   243 ||   491
       Punch             |       |     2 |     9 |     9 |       |       ||    20
       Falchion          |       |       |       |       |       |   475 ||   475
Throw: Boomerang         |       |       |       |    11 |    18 |    22 ||    51
 Cast: Call Imp          |       |       |       |       |       |     5 ||     5
Invok: Rising Flame      |     1 |       |       |       |       |       ||     1
       Fiery Armour      |       |     1 |     3 |     5 |       |       ||     9
       Foxfire Swarm     |       |     1 |     1 |       |       |       ||     2
       Curse Item        |       |       |       |       |     3 |     3 ||     6
  Use: Scroll            |       |       |    15 |    18 |     4 |     1 ||    38
       Potion            |       |       |     1 |     5 |     3 |     9 ||    18
 Stab: Sleeping          |     1 |       |       |       |       |     2 ||     3
       Invisible         |       |       |     1 |       |       |       ||     1
       Distracted        |       |       |       |     1 |     2 |       ||     3
Armor: Leather armour    |    33 |    43 |   137 |     2 |       |       ||   215
       Troll leather arm |       |       |       |   250 |   120 |       ||   370
       Scale mail        |       |       |       |       |    50 |       ||    50
       Steam dragon scal |       |       |       |       |       |   158 ||   158
Dodge: Dodged            |   108 |   106 |   323 |   605 |   261 |   324 ||  1727
Block: Other             |       |       |   107 |   114 |       |       ||   221
       Reflection        |       |       |     2 |    21 |     1 |     5 ||    29
       Buckler           |       |       |       |   186 |   205 |   278 ||   669
